 Dungeon Crawl Stone Soup version 0.28.0-47-ge53b351184 (webtiles) character file.

Game seed: 16041041359615667338

5299 gememama the Fighter (level 10, -3/80 HPs)
             Began as a Human Gladiator on Apr 28, 2022.
             Was an Elder of Qazlal.
             Slain by a yak (12 damage)
             ... on level 1 of the Lair of Beasts on May 1, 2022.
             The game lasted 01:19:30 (8930 turns).

gememama the Fighter (Human Gladiator)              Turns: 8930, Time: 01:19:31

Health: -3/80      AC: 10    Str: 16    XL:     10   Next: 95%
Magic:  20/25      EV:  6    Int: 11    God:    Qazlal [****..]
Gold:   224        SH: 31    Dex: 15    Spells: 13/17 levels left

rFire   . . .      SeeInvis .   A - +6 trident "Maonynum" {vorpal, rC+, a}
rCold   + . .      Faith    +   I - +18 shield of the Gong {rElec rN+ Will+ EV-5}
rNeg    + . .      Spirit   .   J - +2 ring mail {Will+}
rPois   .          Reflect  .   (helmet currently unavailable)
rElec   +          Harm     .   l - +0 cloak
rCorr   .          Rampage  .   G - +0 pair of gloves
Will    ++...                   (boots currently unavailable)
Stlth   +.........              u - amulet of faith
HPRegen 0.23/turn               r - ring of wizardry
MPRegen 0.19/turn               k - ring of magical power

@: mighty, appendages (expiring), repel missiles
A: horns 2, talons 2
a: End Transformation, Renounce Religion, Upheaval, Elemental Force


You were on level 1 of the Lair of Beasts.
You worshipped Qazlal.
Qazlal was greatly pleased with you.
You had temporarily grown beastly horns and talons.
You visited 2 branches of the dungeon, and saw 10 of its levels.
You also visited: Ossuary.

You collected 484 gold pieces.
You spent 260 gold pieces at shops.

Inventory:

Hand Weapons
 g - a +0 halberd
 A - the +6 trident "Maonynum" (weapon) {vorpal, rC+, a}
   (You found it on level 4 of the Dungeon)

   It inflicts extra damage upon your enemies.
   rC:        It protects you from cold.
 B - a +5 dagger of protection
 D - a +2 hunting sling of freezing
Missiles
 d - 4 throwing nets (quivered)
 i - 130 sling bullets
Armour
 b - a +0 leather armour
 c - a +0 helmet (melded)
 e - the +1 ring mail of Paliakk {Regen+}
   (You found it on level 5 of the Dungeon)

   Regen:     It increases your rate of health regeneration.
 l - a +0 cloak (worn)
 s - a +0 ring mail
 G - a +0 pair of gloves (worn)
 I - the +18 shield of the Gong (worn) {rElec rN+ Will+ EV-5}
   (You found it on level 8 of the Dungeon)

   It is deafeningly noisy when blocking attacks.
   EV:        It affects your evasion (-5).
   rElec:     It insulates you from electricity.
   rN:        It protects you from negative energy.
   Will:      It increases your willpower.
 J - a +2 ring mail of willpower (worn)
Magical Staves
 a - a staff of conjuration
 y - a staff of air
 F - a staff of poison
Jewellery
 j - an amulet of guardian spirit
 k - a ring of magical power (right hand)
 r - a ring of wizardry (left hand)
 u - an amulet of faith (around neck)
Wands
 o - a wand of flame (14)
 x - a wand of acid (6)
 C - a wand of digging (5)
Scrolls
 h - 4 scrolls of fear
 m - 7 scrolls of teleportation
 v - a scroll of magic mapping
 K - a scroll of amnesia {unknown}
Potions
 f - 2 potions of resistance
 n - a potion of lignification
 p - a potion of might
 q - 2 potions of curing
 t - a potion of attraction
 w - 3 potions of mutation
 z - 2 potions of haste
 E - a potion of ambrosia {unknown}
 H - 3 potions of brilliance


   Skills:
 + Level 8.2 Fighting
 + Level 6.4 Polearms
 - Level 2.3 Throwing
 + Level 5.2 Armour
 - Level 6.2 Dodging
 * Level 1.9 Shields
 + Level 4.1 Spellcasting
 + Level 3.8 Conjurations
 + Level 5.2 Translocations
 * Level 1.3 Earth Magic
 - Level 2.5 Invocations


You had 13 spell levels left.
You knew the following spells:

 Your Spells              Type           Power      Damage    Failure   Level
a - Stone Arrow           Conj/Erth      16%        3d8       47%         3
b - Beastly Appendage     Tmut           4%         N/A       45%         1

Your spell library contained the following spells:

 Spells                   Type           Power      Damage    Failure   Level
 Magic Dart               Conj           40%        1d5       12%         1
 Searing Ray              Conj           20%        2d5       17%         2
 Wereblood                Tmut           2%         N/A       61%         2
 Spider Form              Tmut/Pois      2%         N/A       82%         3
 Fulminant Prism          Conj/Hex       3%         3d6       91%         4
 Animate Armour           Summ/Erth      6%         N/A       98%         4
 Lehudib's Crystal Spear  Conj/Erth      4%         10d3      100%        8


Dungeon Overview and Level Annotations

Branches:
Dungeon (9/15)             Temple (0/1) D:6            Lair (1/6) D:9
Ossuary (visited)
    Orc: D:9-12

Altars:
Elyvilon
Fedhas
Hepliaklqana
Qazlal
Sif Muna
Wu Jian
Xom

Shops:
D:1 :   D:6 :

Annotations:
D:9 Gastronok, Maggie


Innate Abilities, Weirdness & Mutations

You have temporarily grown beastly horns and talons.


Message History

The yak gores you.
The yak is engulfed in freezing vapours.
You kill the yak!
Qazlal accepts your kill.
You block the eight-headed hydra's attack.
GONNNNG!
You block the eight-headed hydra's attack.
PANG!
You block the eight-headed hydra's attack.
PTOANNNG!
You block the eight-headed hydra's attack.
PTOANNNG!
The eight-headed hydra bites you!
The eight-headed hydra bites you but does no damage.
You block the eight-headed hydra's attack.
GONNNNG!
The eight-headed hydra bites you!
The yak is engulfed in freezing vapours.
You hear an angry hiss.
You puncture the eight-headed hydra!
The eight-headed hydra is severely wounded.
You block the yak's attack.
BOUMMMMG!
You block the eight-headed hydra's attack.
GONNNNG!
The eight-headed hydra bites you.
* * * LOW HITPOINT WARNING * * *
The eight-headed hydra bites you.
* * * LOW HITPOINT WARNING * * *
The eight-headed hydra bites you.
* * * LOW HITPOINT WARNING * * *
The eight-headed hydra bites you but does no damage. x2
You block the eight-headed hydra's attack.
GONNNNG!
The eight-headed hydra bites you.
* * * LOW HITPOINT WARNING * * *
You block the yak's attack.
GONNNNG!
The yak gores you!
You die...

###......[....
#..≈.≈Y≈.....#
#.≈≈≈≈≈≈≈≈...#
##.≈≈≈≈≈≈≈≈..#
#.≈≈≈≈≈≈≈≈≈..#
..≈≈≈°°≈≈≈≈..#
...≈≈≈D°☼≈≈..#
..≈≈≈§Y@YY..#
......°YYY..#
.........○..#
.......Y....#
.....(......#
.......Y...##
.........###
#.#......#
##.....#


You could see an eight-headed hydra and 9 yaks.

Vanquished Creatures
  A hydra (D:8)
  Pikel (D:8)
  A cyclops (D:7)
  2 vault sentinels (D:8)
  Joseph (D:8)
  A wraith (D:7)
  A wyvern (D:9)
  A yak (Lair:1)
  A steam dragon (D:9)
  An acid dragon (D:8)
  4 water moccasins
  A hornet zombie (D:8)
  3 centaurs
  A lemure (D:8)
  A phantom (D:6)
  A kobold brigand (D:8)
  An elf zombie (Ossuary)
  3 gnoll sergeants
  2 scorpions
  3 wights (D:7)
  A centaur zombie (Ossuary)
  A bullfrog zombie (D:6)
  A human zombie (Ossuary)
  2 jellies
  An orc priest (D:6)
  A centaur skeleton (D:7)
  3 hounds
  An iguana (D:6)
  6 orc wizards
  2 mummies (Ossuary)
  Robin (D:2)
  13 gnolls
  An adder (D:5)
  A howler monkey skeleton (D:4)
  2 white imps (D:6)
  An adder zombie (Ossuary)
  A worm (D:5)
  3 dart slugs (D:1)
  21 orcs
  4 bats
  7 endoplasms
  3 giant cockroaches
  14 goblins
  11 hobgoblins
  10 kobolds
  2 quokkas
  6 ball pythons
  9 hobgoblin zombies (Ossuary)
  2 jackal zombies (Ossuary)
  12 kobold zombies (Ossuary)
  7 orc zombies (Ossuary)
  5 rats
  2 rat zombies (Ossuary)
188 creatures vanquished.

Vanquished Creatures (others)
  A plant (Lair:1)
1 creature vanquished.

Grand Total: 189 creatures vanquished

Notes
Turn   | Place    | Note
-------+----------+-------------------------------------------
     0 | D:1      | gememama the Human Gladiator began the quest for the Orb.
     0 | D:1      | Reached XP level 1. HP: 16/16 MP: 1/1
   105 | D:1      | Found Xiaziholl's Book Shop.
   214 | D:1      | Reached XP level 2. HP: 22/22 MP: 2/2
   276 | D:1      | HP: 1/22 [hobgoblin (3)]
   672 | D:1      | Reached XP level 3. HP: 14/28 MP: 3/3
  1744 | D:2      | Noticed Robin
  1924 | D:3      | Found a stormy altar of Qazlal.
  2142 | D:3      | Reached XP level 4. HP: 29/34 MP: 4/4
  2870 | D:3      | Became a worshipper of Qazlal Stormbringer
  2891 | D:4      | Reached skill level 3 in Fighting
  3057 | D:4      | Reached XP level 5. HP: 32/41 MP: 5/5
  3149 | D:4      | Reached skill level 1 in Armour
  3267 | D:4      | Found a white marble altar of Elyvilon.
  3324 | D:4      | Identified the +6 trident "Maonynum" {vorpal, rC+}
  3465 | D:5      | Entered Level 5 of the Dungeon
  3469 | D:5      | Found a shimmering blue altar of Sif Muna.
  3520 | D:5      | Reached skill level 1 in Translocations
  3543 | D:5      | Noticed a water moccasin
  3629 | D:5      | Identified the +1 ring mail of Paliakk {Regen+}
  3761 | D:5      | Reached skill level 1 in Spellcasting
  3799 | D:5      | Reached XP level 6. HP: 39/47 MP: 7/7
  3906 | D:6      | Found Uruakergh's Self-Improvement Boutique.
  4023 | D:6      | Reached skill level 4 in Fighting
  4053 | D:6      | Reached * piety under Qazlal
  4089 | D:6      | Reached XP level 7. HP: 54/54 MP: 9/9
  4397 | D:6      | Noticed a water moccasin
  4401 | D:6      | Killed a water moccasin
  4455 | D:6      | Noticed a water moccasin
  4462 | D:6      | Killed a water moccasin
  4463 | D:6      | Reached XP level 8. HP: 61/61 MP: 11/11
  4512 | D:6      | Found a staircase to the Ecumenical Temple.
  4628 | D:7      | Reached skill level 5 in Fighting
  4716 | D:7      | Noticed a wraith
  4721 | D:7      | Noticed a cyclops
  4746 | D:7      | Killed a wraith
  4944 | D:7      | Found a flagged portal.
  5000 | D:7      | Reached ** piety under Qazlal
  5220 | D:5      | Found a blossoming altar of Fedhas.
  5232 | D:5      | Reached skill level 6 in Fighting
  5232 | D:5      | Reached skill level 5 in Polearms
  5273 | D:5      | Reached skill level 5 in Dodging
  5655 | D:2      | Killed Robin
  5656 | D:2      | Reached skill level 1 in Conjurations
  5656 | D:2      | Reached XP level 9. HP: 67/69 MP: 12/12
  6263 | D:8      | Found a hazy altar of Hepliaklqana.
  6264 | D:8      | Found a shimmering altar of Xom.
  6265 | D:8      | Noticed a spectral ugly thing
  6308 | D:8      | Noticed a six-headed hydra
  6322 | D:8      | Killed a six-headed hydra
  6475 | D:8      | Reached *** piety under Qazlal
  6564 | D:8      | Found a sand-covered staircase.
  6566 | D:8      | You fall into a shaft and drop 1 floor!
  6566 | D:9      | Noticed Gastronok
  6566 | D:9      | Noticed Maggie
  6608 | D:9      | Found an ornate altar of the Wu Jian Council.
  6642 | D:8      | Reached skill level 7 in Fighting
  6686 | Ossuary  | Entered an ossuary
  6826 | Ossuary  | Reached **** piety under Qazlal
  7177 | D:8      | Noticed Pikel
  7202 | D:8      | Killed Pikel
  7203 | D:8      | Reached skill level 1 in Invocations
  7203 | D:8      | Reached XP level 10. HP: 26/79 MP: 15/15
  7449 | D:8      | Noticed a vault sentinel
  7449 | D:8      | Noticed Joseph
  7458 | D:8      | Noticed a vault sentinel
  7459 | D:8      | Killed a vault sentinel
  7462 | D:8      | Killed Joseph
  7472 | D:8      | Killed a vault sentinel
  7473 | D:8      | Reached skill level 8 in Fighting
  7473 | D:8      | Reached skill level 5 in Armour
  7481 | D:8      | Found the +18 shield of the Gong {rElec rN+ Will+ EV-5}
  7625 | D:7      | Killed a cyclops
  7626 | D:7      | Reached skill level 5 in Translocations
  7636 | D:7      | Reached skill level 1 in Shields
  8093 | D:1      | Bought a book of Conjurations for 260 gold pieces
  8097 | D:1      | Learned a level 3 spell: Stone Arrow
  8357 | D:9      | Reached skill level 1 in Earth Magic
  8533 | D:9      | Found a staircase to the Lair.
  8776 | Lair:1   | Entered Level 1 of the Lair of Beasts
  8784 | Lair:1   | Noticed an eight-headed hydra
  8909 | D:9      | Learned a level 1 spell: Beastly Appendage
  8930 | Lair:1   | Slain by a yak

Illustrated notes

Levels and vault maps discovered:
D:1:      psy_arrival_heroes, layout_basic, serial_shops,
          nicolae_shop_statue_plus
D:2:      layout_loops_corners, shapermc_ecumenical_altar_mp_urbaneastern,
          uniq_robin
D:3:      layout_loops_ring, nicolae_qazlal_scattered_showers,
          corexii_corridor_pit, minmay_pentomino_pile
D:4:      layout_basic, elyvilon_altar_3, kennysheep_crisscross
D:5:      layout_cave_pools, mainiacjoe_overflow_catch_the_wave,
          chequers_garden, hangedman_decor_peaks_small
D:6:      layout_loops_cross, minmay_temple_entry_enclosed_plants,
          nicolae_shop_self_help
D:7:      hellmonk_crumbling_castle, layout_rooms, enter_bailey_8
D:8:      layout_loops_cross, regret_index_temple_of_mockery,
          nicolae_ossuary_entry_plus, hellmonk_guarded_unrand_gong, uniq_joseph,
          uniq_pikel
D:9:      layout_roguey, nicolae_overflow_hidden_temple, lair_entry_dummy,
          uniq_gastronok, uniq_maggie
Lair:1:   layout_cellular_growth, st_stairs_12, chequers_serial_rivers_micro_c,
          nicolae_quartered_pool_medium, infiniplex_staircase_pool

Skill      XL: |  1  2  3  4  5  6  7  8  9 10 |
---------------+-------------------------------+-----
Fighting       | 3 4 6 7 8 |  8.2
Armour         | 1 2 3 4 5 |  5.2
Translocations | 1 2 3 4 5 |  5.2
Spellcasting   | 1 2 3 4 |  4.1
Polearms       | 4 5 6 |  6.4
Dodging        | 4 5 6 |  6.2
Conjurations   | 1 2 3 |  3.8
Invocations    | 1 2 |  2.5
Shields        | 1 |  1.9
Earth Magic    | 1 |  1.3
Throwing       | |  2.3

Action                   |  1- 3 |  4- 6 |  7- 9 | 10-12 || total
-------------------------+-------+-------+-------+-------++-------
Melee: Trident           |    48 |    49 |   314 |    73 ||   484
       Spear             |    91 |    99 |       |       ||   190
       Punch             |       |     1 |     3 |       ||     4
       Kick              |       |       |       |     2 ||     2
Throw: Throwing net      |     1 |       |       |       ||     1
 Cast: Beastly Appendage |       |       |       |     2 ||     2
Invok: Upheaval          |       |       |       |     2 ||     2
  Use: Scroll            |     2 |     8 |     8 |     1 ||    19
       Potion            |       |       |     2 |     2 ||     4
 Stab: Held in net/web   |     1 |       |       |       ||     1
       Sleeping          |       |     2 |       |       ||     2
Armor: Leather armour    |    24 |    22 |       |       ||    46
       Ring mail         |       |     7 |    79 |    21 ||   107
Dodge: Dodged            |    63 |    60 |   143 |    13 ||   279
       Repelled          |       |       |       |     1 ||     1
Block: Other             |       |     1 |    33 |     2 ||    36
       Kite shield       |       |       |       |    84 ||    84
